 Dungeon Sprint DCSS version 0.25-a0-1071-g2607d5cfa1 (webtiles) character file.

Game seed: 1828296623287059230, levelgen mode: deterministic

1106 Conn the Arsonist (level 8, 0/54 HPs)
             Began as an Octopode Fire Elementalist on May 14, 2020.
             Was a High Priest of Sif Muna.
             Engulfed by a cloud of flame (16 damage)
             ... in the Dungeon (Sprint VII: "The Pits").
             The game lasted 00:10:23 (1495 turns).

Conn the Arsonist (Octopode Fire Elementalist)      Turns: 1495, Time: 00:10:24

Health: 0/54       AC:  1    Str:  8    XL:     8   Next: 33%
Magic:  1/18       EV: 17    Int: 19    God:    Sif Muna [*****.]
Gold:   0          SH:  0    Dex: 12    Spells: 4/20 levels left

rFire    . . .     SeeInvis .   h - +2 dagger
rCold    . . .     Gourm    .   (no shield)
rNeg     . . .     Faith    .   (helmet restricted)
rPois    .         Spirit   .   (no amulet)
rElec    .         Reflect  .   (no ring)
rCorr    .         Harm     .   (no ring)
MR       .....     NoTele   +   (no ring)
Stlth    +++++.....             (no ring)
HPRegen  0.18/turn              (no ring)
MPRegen  0.16/turn              (no ring)
                                (no ring)
                                (no ring)

@: hasted, very quick
A: almost no armour, stealthy swim, amphibious, 8 rings, constrict 8, camouflage
1, gelatinous body 1
a: Channel Magic, Forget Spell, Divine Exegesis, Renounce Religion


You were in the Dungeon.
You worshipped Sif Muna.
Sif Muna was extremely pleased with you.
You were not hungry.

You visited 1 branch

Inventory:

Hand Weapons
 a - a +0 dagger of draining
 h - a +2 dagger (weapon)
Potions
 c - 2 potions of curing
 f - 2 potions of magic
Comestibles
 b - a chunk of flesh


   Skills:
 * Level 4.4 Fighting
 + Level 3.4 Short Blades
 * Level 8.1 Dodging
 + Level 8.0 Stealth
 * Level 6.9 Spellcasting
 + Level 6.2 Conjurations
 * Level 10.7 Fire Magic


You had 4 spell levels left.
You knew the following spells:

 Your Spells              Type           Power        Failure   Level  Hunger
a - Foxfire               Conj/Fire      ####         1%          1    None
b - Conjure Flame         Conj/Fire      #####...     1%          3    #......
c - Inner Flame           Hex/Fire       ####....     3%          3    #......
d - Sticky Flame          Conj/Fire      #####...     3%          4    ###....
e - Fireball              Conj/Fire      #####.....   9%          5    #####..

Your spell library contained the following spells:

 Spells                   Type           Power        Failure   Level  Hunger
 Call Imp                 Summ           #.......     16%         2    None
 Passwall                 Tmut/Erth      #.......     16%         2    None
 Sticks to Snakes         Tmut           #.......     16%         2    None
 Summon Ice Beast         Ice/Summ       #.......     71%         4    ###....
 Haunt                    Necr/Summ      #.........   100%        7    #######
 Malign Gateway           Summ/Tloc      #.........   100%        7    #######


Dungeon Overview and Level Annotations

Branches:
Dungeon (1/1)

Altars:
Ashenzari
Cheibriados
Dithmenos
Elyvilon
Fedhas
Gozag
Hepliaklqana
Kikubaaqudgha
Makhleb
Nemelex Xobeh
Okawaru
Qazlal
Ru
Sif Muna
Trog
Uskayaw
Vehumet
Wu Jian
Xom
Yredelemnul
Zin
The Shining One
Beogh
Jiyva
Lugonu

Annotations:
D Grinder


Innate Abilities, Weirdness & Mutations

You cannot wear most types of armour.
You are very stealthy in the water. (Stealth+)
You are amphibious.
You can wear up to eight rings at the same time.
You can use your tentacles to constrict eight enemies at once.
Your skin changes colour to match your surroundings (Stealth+).
Your rubbery body absorbs attacks. (AC +1, EV +1)


Message History

The hound is moderately wounded.
The foxfire hits the hound but does no damage.
The hound is moderately wounded.
The hound is engulfed in blazing flames.
Flame seeps out of the hound.
You aren't carrying any scrolls.
Unknown command.
Unknown command.
You feel much better.
The hound is engulfed in blazing flames.
The hound explodes!
The fiery explosion engulfs you!!
* * * LOW HITPOINT WARNING * * *
Sif Muna accepts your kill.
Your Stealth skill increases to level 8!
You aren't carrying any scrolls.
You feel better.
You are engulfed in blazing flames.
* * * LOW HITPOINT WARNING * * *
You feel better.
You are engulfed in blazing flames.
You die...

#.#..#[))).##.......#
#'###########.......#
#..#.#.##..##########
#.......#.######
##.#.#.##.#....#
#.......#'#5...#
##.#.#.##°§....+
#......÷#○#....#
##.#.#..§@#....#
########## ####


You could see Grinder.

Vanquished Creatures
  A deep troll (D)
  A redback (D)
  2 floating eyes (D)
  A sky beast (D)
  2 hounds (D)
  An iguana (D)
  A worker ant (D)
  A gnoll (D)
  An adder (D)
  A river rat (D)
  2 ufetubi (D)
  A leopard gecko (D)
  A ball python (D)
  A bat (D)
  A bat skeleton (D)
  A bat zombie (D)
  2 jackals (D)
  A kobold (D)
  A rat (D)
23 creatures vanquished.

Vanquished Creatures (others)
  36 foxfires (D)
36 creatures vanquished.

Grand Total: 59 creatures vanquished

Notes
Turn   | Place    | Note
-------+----------+-------------------------------------------
     0 | D        | Conn the Octopode Fire Elementalist began the quest for the
                  | Orb.
     0 | D        | Reached XP level 1. HP: 11/11 MP: 3/3
    27 | D        | Found a bloodstained altar of Trog.
    27 | D        | Found a shimmering blue altar of Sif Muna.
    27 | D        | Found a viscous altar of Jiyva.
    27 | D        | Found a hazy altar of Hepliaklqana.
    27 | D        | Found an opulent altar of Gozag.
    28 | D        | Found a glowing golden altar of the Shining One.
    28 | D        | Found a glowing silver altar of Zin.
    28 | D        | Found a basalt altar of Yredelemnul.
    28 | D        | Found a shimmering altar of Xom.
    28 | D        | Found an ornate altar of the Wu Jian Council.
    28 | D        | Found a sacrificial altar of Ru.
    28 | D        | Found a stormy altar of Qazlal.
    28 | D        | Found an iron altar of Okawaru.
    28 | D        | Found a sparkling altar of Nemelex Xobeh.
    28 | D        | Found a burning altar of Makhleb.
    28 | D        | Found a blossoming altar of Fedhas.
    28 | D        | Found a white marble altar of Elyvilon.
    28 | D        | Found a shadowy altar of Dithmenos.
    28 | D        | Found a snail-covered altar of Cheibriados.
    29 | D        | Found a radiant altar of Vehumet.
    29 | D        | Found a corrupted altar of Lugonu.
    29 | D        | Found a roughly hewn altar of Beogh.
    30 | D        | Found an ancient bone altar of Kikubaaqudgha.
    30 | D        | Found a hide-covered altar of Uskayaw.
    30 | D        | Found a shattered altar of Ashenzari.
    31 | D        | Became a worshipper of Sif Muna the Loreminder
    85 | D        | Reached skill level 4 in Fire Magic
    87 | D        | Reached XP level 2. HP: 5/17 MP: 5/5
   350 | D        | Noticed a floating eye
   353 | D        | Killed a floating eye
   353 | D        | Reached * piety under Sif Muna
   353 | D        | Reached skill level 7 in Fire Magic
   353 | D        | Reached XP level 3. HP: 21/21 MP: 6/8
   353 | D        | Reached XP level 4. HP: 27/27 MP: 6/9
   359 | D        | Noticed a floating eye
   375 | D        | Reached XP level 5. HP: 6/31 MP: 7/11
   385 | D        | Reached ** piety under Sif Muna
   394 | D        | HP: 1/31 [poisoned by an adder]
   410 | D        | Reached skill level 1 in Short Blades
   410 | D        | Reached skill level 8 in Fire Magic
   684 | D        | Killed a floating eye
   684 | D        | Reached skill level 5 in Stealth
   684 | D        | Reached skill level 9 in Fire Magic
   684 | D        | Reached XP level 6. HP: 37/37 MP: 11/13
   689 | D        | Learned a level 3 spell: Conjure Flame
   693 | D        | Learned a level 3 spell: Inner Flame
   698 | D        | Learned a level 4 spell: Sticky Flame
   729 | D        | Noticed a sky beast
   789 | D        | Reached *** piety under Sif Muna
   789 | D        | Reached skill level 1 in Fighting
   789 | D        | Reached skill level 5 in Spellcasting
  1046 | D        | Killed a sky beast
  1046 | D        | Reached skill level 5 in Dodging
  1046 | D        | Reached skill level 5 in Conjurations
  1196 | D        | Noticed a redback
  1203 | D        | Killed a redback
  1203 | D        | Reached **** piety under Sif Muna
  1203 | D        | Reached skill level 10 in Fire Magic
  1203 | D        | Reached XP level 7. HP: 14/45 MP: 6/15
  1413 | D        | Learned a level 5 spell: Fireball
  1425 | D        | Reached ***** piety under Sif Muna
  1425 | D        | Identified Sif Muna's Collected Works on the Entourage and
                  | Transformation (Sif Muna gifted it to you in the Dungeon)
  1425 | D        | Received a gift from Sif Muna
  1442 | D        | Noticed a deep troll
  1443 | D        | Noticed Grinder
  1488 | D        | Killed a deep troll
  1488 | D        | Reached XP level 8. HP: 9/54 MP: 3/18
  1495 | D        | Engulfed by a cloud of flame

Illustrated notes

Levels and vault maps discovered:
D:        pitsprint [storerooms_1, entrance_room_1, metal_vault_4, armoury_1,
          mini_pit_1, grid_room_1, main_hall_1, silver_pit, the_coven_3,
          the_vestibule_1, steel_vault_4, golden_pit, hallway_of_sentries,
          crystal_vault_3, iron_vault_2, final_vault]

Skill      XL: |  1  2  3  4  5  6  7  8 |
---------------+-------------------------+-----
Fire Magic     | 4 7 9 10 | 10.7
Dodging        | 3 4 5 8 |  8.1
Stealth        | 4 5 7 8 |  8.0
Spellcasting   | 3 4 5 6 |  6.9
Conjurations   | 3 4 5 6 |  6.2
Short Blades   | 1 2 3 |  3.4
Fighting       | 2 4 |  4.4

Action                   |  1- 3 |  4- 6 |  7- 9 || total
-------------------------+-------+-------+-------++-------
Melee: Dagger            |     9 |    45 |     4 ||    58
       Constrict         |     3 |     6 |     1 ||    10
       Tentacles         |       |     5 |     1 ||     6
 Cast: Foxfire           |     1 |    13 |     9 ||    23
       Sticky Flame      |       |     2 |     2 ||     4
       Conjure Flame     |       |     1 |     2 ||     3
       Inner Flame       |       |       |     1 ||     1
  Use: Potion            |     2 |     5 |     5 ||    12
       Scroll            |       |     1 |       ||     1
 Stab: Sleeping          |     1 |     2 |       ||     3
  Eat: Ration            |       |       |     1 ||     1
Armor: Skin              |     1 |     9 |       ||    10
Dodge: Dodged            |    16 |    70 |    13 ||    99

Table legend:
 A = Non-vault XP
 B = Vault XP
 C = Vault XP percentage of total XP
 D = Non-vault monster count
 E = Vault monster count
 F = Vault count percentage of total count
                 A         B        C        D         E       F
            +---------+---------+-------+---------+---------+-------
      Total |       0 |    1581 | 100.0 |       0 |      23 | 100.0
            +---------+---------+-------+---------+---------+-------
          D |       0 |    1581 | 100.0 |       0 |      23 | 100.0
            +---------+---------+-------+---------+---------+-------
